MWL
BURLINGTON BEES @ WATERLOO HAWKS
08/05/1982
 
TOP OF THE 1ST
Burlington Bees batting - Pitching for Waterloo Hawks : RHP Albert Arrieta
Pitching: RHP Albert Arrieta
Batting: LHB Herm Winningham 0-0: Ball
1-0: Ball
2-0: SINGLE (Groundball, 34D, EV 100.0 MPH)
Batting: RHB Mike Quade 0-0: Ball
1-0: Ball
2-0: SINGLE (Groundball, 6S, EV 70.6 MPH) (infield hit)
Herm Winningham to second
Batting: RHB Javier Ortiz 0-0: Foul Ball, location: 2F
0-1: Ball
1-1: Ball
2-1: Ball
3-1: Called Strike
3-2: Fly out, F8 (Line Drive, 8RM, EV 95.0 MPH)
Batting: RHB Steve Buechele 0-0: Called Strike
Herm Winningham steals 3rd base (no throw)
0-1: Ball
1-1: Ball
2-1: Fly out, F7 (Flyball, 7, EV 84.4 MPH)
Runner from 3rd tags up, SCORES, no throw by LF
Batting: RHB Bob Glendening 0-0: Foul Ball, location: 2F
0-1: Fly out, F7 (Flyball, 7, EV 90.6 MPH)
Top of the 1st over - 1 run, 2 hits, 0 errors, 1 left on base; Burlington 1 - Waterloo 0
BOTTOM OF THE 1ST
Waterloo Hawks batting - Pitching for Burlington Bees : LHP Randall Boyce
Pitching: LHP Randall Boyce
Batting: RHB Edward Irvine 0-0: Ball
1-0: Ball
2-0: Called Strike
2-1: Fly out, F9 (Flyball, 9D, EV 90.6 MPH)
Batting: RHB Juan Baez 0-0: Foul Ball, location: 2F
0-1: Ball
1-1: Foul Ball, location: 2F
1-2: Ball
2-2: Ground out 6-3 (Groundball, 6M, EV 78.8 MPH)
Batting: LHB Ronald Davis 0-0: Foul Ball, location: 2F
0-1: Ball
1-1: Ball
2-1: Called Strike
2-2: Foul Ball, location: 2F
2-2: Ball
3-2: Fly out, F8 (Line Drive, 8RD, EV 106.3 MPH)
Bottom of the 1st over - 0 runs, 0 hits, 0 errors, 0 left on base; Burlington 1 - Waterloo 0
TOP OF THE 2ND
Burlington Bees batting - Pitching for Waterloo Hawks : RHP Albert Arrieta
Batting: LHB Frank Hardy 0-0: Foul Ball, location: 2F
0-1: Swinging Strike
0-2: Strikes out swinging
Batting: LHB Clay Smith 0-0: Called Strike
0-1: Ball
1-1: Foul Ball, location: 2F
1-2: Ball
2-2: Ball
3-2: Foul Ball, location: 2F
3-2: Base on Balls
Batting: RHB Mike Morse 0-0: Ball
1-0: Foul Ball, location: 2F
1-1: Swinging Strike
1-2: Foul Ball, location: 2F
1-2: Strikes out swinging
Batting: RHB Bob Hicks 0-0: Ball
1-0: Fielders Choice at 2nd, 5-4 (Groundball, 56, EV 107.5 MPH)
Top of the 2nd over - 0 runs, 0 hits, 0 errors, 1 left on base; Burlington 1 - Waterloo 0
BOTTOM OF THE 2ND
Waterloo Hawks batting - Pitching for Burlington Bees : LHP Randall Boyce
Batting: RHB Carmelo Aguayo 0-0: Ball
1-0: Swinging Strike
1-1: Ball
2-1: SINGLE (Flyball, 9LS, EV 92.5 MPH)
Batting: LHB Burk Goldthorn 0-0: Called Strike
0-1: Ball
1-1: Foul Ball, location: 2F
1-2: Foul Ball, location: 2F
1-2: Foul Ball, location: 2F
1-2: Grounds into double play, 4-6-3 (Groundball, 4, EV 85.0 MPH)
Batting: RHB Michael Williams 0-0: Ball
1-0: Called Strike
1-1: Swinging Strike
1-2: Foul Ball, location: 2F
1-2: Ball
2-2: Foul Ball, location: 2F
2-2: Fly out, F6 (Flyball, 56D, EV 80.0 MPH)
Bottom of the 2nd over - 0 runs, 1 hit, 0 errors, 0 left on base; Burlington 1 - Waterloo 0
TOP OF THE 3RD
Burlington Bees batting - Pitching for Waterloo Hawks : RHP Albert Arrieta
Batting: LHB Herm Winningham 0-0: Swinging Strike
0-1: Ball
1-1: Called Strike
1-2: Ball
2-2: Strikes out swinging
Batting: RHB Mike Quade 0-0: Called Strike
0-1: Swinging Strike
0-2: Foul Ball, location: 2F
0-2: Ball
1-2: Strikes out looking
Batting: RHB Javier Ortiz 0-0: Ball
1-0: Fly out, F9 (Flyball, 89S, EV 93.1 MPH)
Top of the 3rd over - 0 runs, 0 hits, 0 errors, 0 left on base; Burlington 1 - Waterloo 0
BOTTOM OF THE 3RD
Waterloo Hawks batting - Pitching for Burlington Bees : LHP Randall Boyce
Batting: SHB Nelson Liriano 0-0: Called Strike
0-1: Foul Ball, location: 2F
0-2: Foul Ball, location: 2F
0-2: Ball
1-2: DOUBLE (Line Drive, 9LM, EV 101.9 MPH)
Batting: RHB Mark Doran 0-0: Called Strike
0-1: Ball
1-1: Called Strike
1-2: Fly out, F9 (Flyball, 89S, EV 85.0 MPH)
Batting: RHB David Cusack 0-0: Ball
1-0: Ball
2-0: Swinging Strike
2-1: Ground out 5-3 (Groundball, 5, EV 108.8 MPH)
Batting: RHB Edward Irvine 0-0: Called Strike
0-1: Fly out, F7 (Line Drive, 7, EV 98.1 MPH)
Bottom of the 3rd over - 0 runs, 1 hit, 0 errors, 1 left on base; Burlington 1 - Waterloo 0
TOP OF THE 4TH
Burlington Bees batting - Pitching for Waterloo Hawks : RHP Albert Arrieta
Batting: RHB Steve Buechele 0-0: Called Strike
0-1: Ball
1-1: Ball
2-1: Swinging Strike
2-2: Ball
3-2: Foul Ball, location: 2F
3-2: Strikes out looking
Batting: RHB Bob Glendening 0-0: Called Strike
0-1: Foul Ball, location: 2F
0-2: Foul Ball, location: 2F
0-2: Ball
1-2: Strikes out swinging
Batting: LHB Frank Hardy 0-0: Called Strike
0-1: Fly out, F7 (Flyball, 78D, EV 96.3 MPH)
Top of the 4th over - 0 runs, 0 hits, 0 errors, 0 left on base; Burlington 1 - Waterloo 0
BOTTOM OF THE 4TH
Waterloo Hawks batting - Pitching for Burlington Bees : LHP Randall Boyce
Batting: RHB Juan Baez 0-0: Foul Ball, location: 2F
0-1: Ball
1-1: Ball
2-1: Called Strike
2-2: Ball
3-2: Base on Balls
Batting: LHB Ronald Davis 0-0: Fielders Choice at 2nd, 5-4 (Groundball, 56, EV 88.1 MPH)
Batting: RHB Carmelo Aguayo 0-0: Ball
1-0: SINGLE (Line Drive, 8LS, EV 89.4 MPH)
Ronald Davis to second
Runner from 2nd tries for 3rd, SAFE, no throw by CF
Batting: LHB Burk Goldthorn 0-0: Ball
Wild Pitch!
Ronald Davis scores
Carmelo Aguayo to second
1-0: Foul Ball, location: 2F
1-1: SINGLE (Line Drive, 89M, EV 90.0 MPH)
Carmelo Aguayo to third
Runner from 3rd tries for Home, SAFE, throw by RF to home
Batting: RHB Michael Williams 0-0: Ball
1-0: Ball
2-0: Swinging Strike
2-1: Swinging Strike
2-2: Fly out, F9 (Flyball, 89D, EV 103.8 MPH)
Batting: SHB Nelson Liriano 0-0: Ball
1-0: Foul Ball, location: 2F
1-1: Ball
2-1: Foul Ball, location: 2F
2-2: Ball
3-2: Base on Balls
Burk Goldthorn to second
Batting: RHB Mark Doran 0-0: Ball
1-0: Foul Ball, location: 2F
1-1: Fielders Choice at 2nd, 6-4 (Groundball, 6, EV 101.9 MPH)
Bottom of the 4th over - 2 runs, 2 hits, 0 errors, 2 left on base; Burlington 1 - Waterloo 2
TOP OF THE 5TH
Burlington Bees batting - Pitching for Waterloo Hawks : RHP Albert Arrieta
Batting: LHB Clay Smith 0-0: Foul Ball, location: 2F
0-1: Ball
1-1: Foul Ball, location: 2F
1-2: Ball
2-2: Ball
3-2: Base on Balls
Batting: RHB Mike Morse Pickoff Throw to First - Out! 1-3
0-0: Ground out 2-3 (Groundball, 2L, EV 75.0 MPH)
Batting: RHB Bob Hicks 0-0: Called Strike
0-1: Ball
1-1: Ground out 6-3 (Groundball, 6, EV 78.1 MPH)
Top of the 5th over - 0 runs, 0 hits, 0 errors, 0 left on base; Burlington 1 - Waterloo 2
BOTTOM OF THE 5TH
Waterloo Hawks batting - Pitching for Burlington Bees : LHP Randall Boyce
Batting: RHB David Cusack 0-0: Ball
1-0: Called Strike
1-1: Ball
2-1: Foul Ball, location: 2F
2-2: Foul Ball, location: 2F
2-2: Ground out 6-3 (Groundball, 56, EV 101.9 MPH)
Batting: RHB Edward Irvine 0-0: Called Strike
0-1: Ball
1-1: SOLO HOME RUN (Line Drive, 78XD, EV 97.5 MPH), Distance : 423 ft
Batting: RHB Juan Baez 0-0: Ball
1-0: Ball
2-0: Ball
3-0: Base on Balls
Batting: LHB Ronald Davis 0-0: Ball
1-0: Foul Ball, location: 2F
1-1: Foul Ball, location: 2F
1-2: Foul Ball, location: 2F
1-2: Foul Ball, location: 2F
1-2: Ball
2-2: Foul Ball, location: 2F
2-2: Foul Ball, location: 2F
2-2: Foul Ball, location: 2F
2-2: Ball
3-2: Grounds into double play, 3-6-3 (Groundball, 3, EV 81.9 MPH)
Bottom of the 5th over - 1 run, 1 hit, 0 errors, 0 left on base; Burlington 1 - Waterloo 3
TOP OF THE 6TH
Burlington Bees batting - Pitching for Waterloo Hawks : RHP Albert Arrieta
Batting: LHB Herm Winningham 0-0: Called Strike
0-1: Fly out, F9 (Line Drive, 9, EV 103.8 MPH)
Batting: RHB Mike Quade 0-0: Ball
1-0: Fly out, F8 (Flyball, 89XD, EV 103.8 MPH)
Batting: RHB Javier Ortiz 0-0: Ball
1-0: Fly out, F9 (Flyball, 89D, EV 97.5 MPH)
Top of the 6th over - 0 runs, 0 hits, 0 errors, 0 left on base; Burlington 1 - Waterloo 3
BOTTOM OF THE 6TH
Waterloo Hawks batting - Pitching for Burlington Bees : LHP Randall Boyce
Batting: RHB Carmelo Aguayo 0-0: Ball
1-0: Ball
2-0: Called Strike
2-1: Ball
3-1: Foul Ball, location: 2F
3-2: Foul Ball, location: 2F
3-2: Base on Balls
Batting: LHB Burk Goldthorn 0-0: Ball
1-0: Ball
2-0: DOUBLE (Line Drive, 3D, EV 103.1 MPH)
Carmelo Aguayo to third
Runner from 3rd tries for Home, SAFE, throw by RF to home
Batting: RHB Michael Williams 0-0: Fly out, F7 (Line Drive, 7S, EV 108.1 MPH)
Batting: SHB Nelson Liriano 0-0: Ball
1-0: Ground out 4-3 (Groundball, 34, EV 80.6 MPH)
Burk Goldthorn to third
Batting: RHB Mark Doran 0-0: Foul Ball, location: 2F
0-1: Ball
1-1: Fly out, F9 (Flyball, 9S, EV 80.6 MPH)
Bottom of the 6th over - 1 run, 1 hit, 0 errors, 1 left on base; Burlington 1 - Waterloo 4
TOP OF THE 7TH
Burlington Bees batting - Pitching for Waterloo Hawks : RHP Albert Arrieta
Batting: RHB Steve Buechele 0-0: Ball
1-0: Ball
2-0: Called Strike
2-1: Foul Ball, location: 2F
2-2: Foul Ball, location: 2F
2-2: Ball
3-2: DOUBLE (Flyball, 8LXD, EV 96.9 MPH)
Batting: RHB Bob Glendening 0-0: Ball
1-0: Foul Ball, location: 2F
1-1: Ball
2-1: Swinging Strike
2-2: Strikes out swinging
Batting: LHB Frank Hardy 0-0: Ball
1-0: Ball
2-0: Called Strike
2-1: Ball
3-1: Fly out, F8 (Flyball, 8LM, EV 82.5 MPH)
Batting: LHB Clay Smith 0-0: Ball
1-0: Ground out U3 (Groundball, 3, EV 94.4 MPH)
Top of the 7th over - 0 runs, 1 hit, 0 errors, 1 left on base; Burlington 1 - Waterloo 4
BOTTOM OF THE 7TH
Waterloo Hawks batting - Pitching for Burlington Bees : LHP Randall Boyce
Batting: RHB David Cusack 0-0: Called Strike
0-1: Ball
1-1: Ball
2-1: Ball
3-1: Base on Balls
Batting: RHB Edward Irvine 0-0: Ball
1-0: Swinging Strike
1-1: SINGLE (Groundball, 6MD, EV 106.3 MPH)
David Cusack to second
Batting: RHB Juan Baez 0-0: Ball
1-0: Ball
2-0: Called Strike
2-1: Reached on error, E8 (Flyball, 8RM, EV 81.9 MPH)
David Cusack to third
Edward Irvine to second
Batting: LHB Ronald Davis 0-0: Grounds into fielders choice 4-2 (Groundball, 4MS, EV 81.9 MPH)
Edward Irvine to third
Juan Baez to second
Batting: RHB Carmelo Aguayo 0-0: Ball
1-0: SINGLE (Line Drive, 89M, EV 105.6 MPH)
Edward Irvine scores
Juan Baez to third
Ronald Davis to second
Batting: LHB Burk Goldthorn 0-0: Called Strike
0-1: Called Strike
0-2: Foul Ball, location: 2F
0-2: Ball
1-2: Ball
2-2: Ball
3-2: Grounds into double play, 4-6-3 (Groundball, 34, EV 101.9 MPH)
Bottom of the 7th over - 1 run, 2 hits, 1 error, 2 left on base; Burlington 1 - Waterloo 5
TOP OF THE 8TH
Burlington Bees batting - Pitching for Waterloo Hawks : RHP Albert Arrieta
Batting: RHB Mike Morse 0-0: Ball
1-0: Ball
2-0: Fly out, F6 (Popup, 6MD, EV 47.5 MPH)
Batting: RHB Bob Hicks 0-0: Fly out, F9 (Flyball, 89M, EV 85.6 MPH)
Batting: LHB Herm Winningham 0-0: Ball
1-0: Ball
2-0: Called Strike
2-1: Ball
3-1: Foul Ball, location: 2F
3-2: Foul Ball, location: 2F
3-2: Foul Ball, location: 2F
3-2: Fly out, F4 (Popup, 23, EV 85.0 MPH)
Top of the 8th over - 0 runs, 0 hits, 0 errors, 0 left on base; Burlington 1 - Waterloo 5
BOTTOM OF THE 8TH
Waterloo Hawks batting - Pitching for Burlington Bees : LHP Randall Boyce
Batting: RHB Michael Williams 0-0: Called Strike
0-1: Called Strike
0-2: Ball
1-2: Ball
2-2: Ground out 2-3 (Groundball, 15S, EV 68.8 MPH)
Batting: SHB Nelson Liriano 0-0: Swinging Strike
0-1: Foul Ball, location: 2F
0-2: Ball
1-2: Ball
2-2: Ball
3-2: Base on Balls
Batting: RHB Mark Doran 0-0: Ball
1-0: Called Strike
Nelson Liriano is caught stealing 2nd base 2-4
1-1: Swinging Strike
1-2: SOLO HOME RUN (Line Drive, 7D, EV 97.5 MPH), Distance : 374 ft
Pitching: LHP DeWayne Kitts
Batting: RHB David Cusack 0-0: Called Strike
0-1: Foul Ball, location: 2F
0-2: Ball
1-2: Fly out, F8 (Flyball, 8LM, EV 79.4 MPH)
Bottom of the 8th over - 1 run, 1 hit, 0 errors, 0 left on base; Burlington 1 - Waterloo 6
TOP OF THE 9TH
Burlington Bees batting - Pitching for Waterloo Hawks : RHP Albert Arrieta
Batting: RHB Mike Quade 0-0: Called Strike
0-1: Ball
1-1: Ball
2-1: Ball
3-1: SINGLE (Groundball, 56D, EV 98.8 MPH)
Batting: RHB Javier Ortiz 0-0: Ball
1-0: Ball
2-0: Foul Ball, location: 2F
2-1: Swinging Strike
2-2: Ball
3-2: Foul Ball, location: 2F
3-2: Ground out 4-3 (Groundball, 4S, EV 73.8 MPH)
Mike Quade to second
Batting: RHB Steve Buechele 0-0: Ball
1-0: Foul Ball, location: 2F
1-1: Foul Ball, location: 2F
1-2: Fly out, F8 (Flyball, 78M, EV 87.5 MPH)
Batting: RHB Bob Glendening 0-0: Swinging Strike
0-1: Foul Ball, location: 2F
0-2: SINGLE (Flyball, 78S, EV 93.1 MPH)
Mike Quade to third
Batting: LHB Frank Hardy 0-0: Ball
1-0: Ball
2-0: Foul Ball, location: 2F
2-1: SINGLE (Line Drive, 56D, EV 96.9 MPH)
Mike Quade scores
Bob Glendening to second
Batting: LHB Clay Smith 0-0: Swinging Strike
0-1: Ball
1-1: Fielders Choice at 2nd, 6-4 (Groundball, 56, EV 83.8 MPH)
Top of the 9th over - 1 run, 3 hits, 0 errors, 2 left on base; Burlington 2 - Waterloo 6
Thursday, August 20th, 2020 - OOTP Baseball 21.5 Build 76